 Dungeon Crawl Stone Soup version 0.29-a0-542-g075992c915 (webtiles) character file.

Game seed: 8333855071138389128

4658 dolemite99 the Cruncher (level 10, -7/68 HPs)
             Began as a Gargoyle Gladiator on June 3, 2022.
             Mangled by a freezing wraith (12 damage)
             ... on level 7 of the Dungeon.
             The game lasted 00:09:58 (11100 turns).

dolemite99 the Cruncher (Gargoyle Gladiator)       Turns: 11100, Time: 00:09:59

Health: -7/68      AC: 19    Str: 21    XL:     10   Next: 43%
Magic:  10/10      EV: 10    Int: 10    God:
Gold:   353        SH:  0    Dex: 11    Spells: 9/9 levels left

rFire   . . .      SeeInvis .   f - +5 quarterstaff (chaos)
rCold   . . .      Faith    .   (shield currently unavailable)
rNeg    + . .      Spirit   .   g - +0 scale mail
rPois   ∞          Reflect  .   c - +1 helmet
rElec   +          Harm     .   p - +1 cloak
rCorr   .          Rampage  .   (no gloves)
Will    .....                   j - +1 pair of boots
Stlth   ..........              (no amulet)
HPRegen 0.21/turn               t - +4 ring of slaying
MPRegen 0.12/turn               (no ring)

@: slowed, very slow
A: sickness immunity, AC +7, negative energy resistance 1, electricity
resistance, torment resistance 1, petrification resistance
a: no special abilities


You were on level 7 of the Dungeon.
You visited 1 branch of the dungeon, and saw 7 of its levels.

You collected 353 gold pieces.

Inventory:

Hand Weapons
 a - a +0 quarterstaff
 f - a +5 quarterstaff of chaos (weapon)
 m - a +0 halberd of protection
Missiles
 d - 7 throwing nets (quivered)
 e - 6 javelins
 q - 15 poisoned darts
Armour
 c - a +1 helmet (worn)
 g - a +0 scale mail (worn)
 j - a +1 pair of boots (worn)
 p - a +1 cloak (worn)
 r - a +0 ring mail
Jewellery
 i - an amulet of magic regeneration
 t - a +4 ring of slaying (left hand)
 y - an amulet of the acrobat
Wands
 A - a wand of flame (24)
Scrolls
 h - 4 scrolls of teleportation
 u - a scroll of poison
 B - 2 scrolls of fog
Potions
 b - 2 potions of brilliance {unknown}
 k - 2 potions of might {unknown}
 l - a potion of attraction {unknown}
 n - a potion of heal wounds {unknown}
 o - 6 potions of degeneration {unknown}
 s - a potion of curing
 v - 3 potions of mutation {unknown}
 w - 2 potions of lignification {unknown}
 z - a potion of flight {unknown}


   Skills:
 + Level 10.0 Fighting
 - Level 12.4 Staves
 - Level 1.7 Throwing
 - Level 2.4 Dodging


You had 9 spell levels left.
You didn't know any spells.
Your spell library contained the following spells:

 Spells                   Type           Power      Damage    Failure   Level
 Stone Arrow              Conj/Erth      0%         3d7       97%         3
 Animate Armour           Summ/Erth      0%         N/A       100%        4
 Lehudib's Crystal Spear  Conj/Erth      0%         10d2      100%        8


Dungeon Overview and Level Annotations

Branches:
Dungeon (7/15)
 Temple: D:4-7

Altars:

Shops:
D:1 =


Innate Abilities, Weirdness & Mutations

You are immune to sickness and miasma.
Your stone body is resilient. (AC +7)
You are immune to poison.
You resist negative energy. (rN+)
You are resistant to electric shocks. (rElec)
You are resistant to unholy torment.
You are immune to petrification.


Message History

The freezing wraith attacks as you move away!
The freezing wraith hits you but does no damage.
The freezing wraith closely misses you. The hound barely misses you.
You closely miss the hound.
The hound is lightly wounded.
The hound bites you but does no damage.
You sock the hound! You drain the hound.
The hound is almost dead.
The hound barely misses you.
You thump the hound! You freeze the hound.
You kill the hound!
You hit the freezing wraith.
The freezing wraith seems to grow stronger.
The freezing wraith is lightly damaged.
You hit the freezing wraith.
Lightning courses through the freezing wraith!
The freezing wraith is severely damaged.
The freezing wraith hits you but does no damage. x2
You barely miss the freezing wraith.
The freezing wraith is severely damaged.
The freezing wraith barely misses you. The freezing wraith hits you!
You barely miss the freezing wraith.
The freezing wraith is severely damaged.
You barely miss the freezing wraith.
The freezing wraith is severely damaged.
The freezing wraith hits you but does no damage.
The freezing wraith hits you! The freezing wraith drains your vigour!
You feel yourself slow down.
You sock the freezing wraith!
The freezing wraith flickers and vanishes!
Deactivating autopickup; reactivate with Ctrl-A.
Something hits you! Something freezes you!!
* * * LOW HITPOINT WARNING * * *
Something hits you!
* * * LOW HITPOINT WARNING * * *
Something drains your vigour!
You feel as though you will be slow longer.
You hit something but do no damage. Something hits you but does no damage.
Something hits you!
You die...

#.......#.#W.....#
#.>.........##..##
#..#....######..#
#..#....# #..#
#......## #..#
#.)..#.# #..#
#..###.#######.##
#...........##{#
#....#.#.#..##@#
#..............#
#....#.#.#..####
#...........###
#....#.#.#....#
#..........##.#
#..#†##.......#
... #.##...##### .
#.###.##


There were no monsters in sight!

Vanquished Creatures
  A two-headed ogre (D:7)
  Pikel (D:5)
  Grinder (D:5)
  Sigmund (D:5)
  2 wyverns
  A steam dragon (D:6)
  2 water moccasins
  Duvessa (D:6)
  An ice beast (D:6)
  2 sky beasts
  3 black bears (D:6)
  A boggart (D:7)
  2 centaurs (D:6)
  2 phantoms
  3 lemures (D:5)
  A kobold brigand (D:6)
  A bullfrog (D:7)
  4 scorpions
  2 gnoll sergeants
  Dowan (D:6)
  2 jellies
  4 orc priests
  2 hounds
  Crazy Yiuf (D:2)
  3 gnoll shamans
  3 iguanas
  Natasha (thrice) (D:4)
  5 orc wizards
  28 gnolls
  8 adders
  A shadow imp (D:5)
  A white imp (D:6)
  4 worms
  3 dart slugs
  17 orcs
  6 ball pythons
  6 bats
  12 endoplasms
  2 giant cockroaches
  3 hobgoblins
  2 jackals (D:2)
  6 kobolds
  3 quokkas
  6 frilled lizards
  6 goblins
  5 rats
175 creatures vanquished.

Vanquished Creatures (others)
  A black bear zombie (D:6)
  A shadow imp (D:6)
  24 plants
26 creatures vanquished.

Grand Total: 201 creatures vanquished

Notes
Turn   | Place    | Note
-------+----------+-------------------------------------------
     0 | D:1      | dolemite99 the Gargoyle Gladiator began the quest for the
                  | Orb.
     0 | D:1      | Reached XP level 1. HP: 12/12 MP: 1/1
   293 | D:1      | Reached XP level 2. HP: 12/17 MP: 2/2
   782 | D:1      | Reached skill level 4 in Staves
   803 | D:1      | Reached XP level 3. HP: 16/21 MP: 3/3
  1250 | D:1      | Found a faded altar of an unknown god.
  1741 | D:2      | Reached XP level 4. HP: 25/26 MP: 4/4
  1854 | D:2      | Found a runed translucent door.
  1855 | D:2      | Noticed Crazy Yiuf
  1907 | D:2      | Reached skill level 5 in Staves
  2225 | D:2      | Killed Crazy Yiuf
  2527 | D:2      | Reached XP level 5. HP: 10/30 MP: 5/5
  3213 | D:3      | Reached skill level 6 in Staves
  3586 | D:3      | Reached XP level 6. HP: 15/35 MP: 6/6
  4477 | D:4      | Noticed Natasha
  4486 | D:4      | Killed Natasha
  4688 | D:4      | Reached skill level 7 in Staves
  5065 | D:4      | Noticed Natasha
  5071 | D:4      | Killed Natasha
  5072 | D:4      | Reached XP level 7. HP: 40/40 MP: 7/7
  5221 | D:4      | Noticed Natasha
  5226 | D:4      | Killed Natasha
  5324 | D:4      | Reached skill level 8 in Staves
  5947 | D:5      | Entered Level 5 of the Dungeon
  6118 | D:5      | Noticed Grinder
  6129 | D:5      | Paralysed by Grinder for 4 turns
  6140 | D:5      | Reached skill level 9 in Staves
  6155 | D:5      | Killed Grinder
  6156 | D:5      | Reached XP level 8. HP: 17/44 MP: 8/8
  6692 | D:5      | Reached skill level 10 in Staves
  7553 | D:5      | Noticed Pikel
  7553 | D:5      | Noticed Sigmund
  7648 | D:5      | Killed Pikel
  7649 | D:5      | Reached skill level 11 in Staves
  7649 | D:5      | Reached XP level 9. HP: 26/48 MP: 9/9
  8081 | D:5      | Killed Sigmund
  8082 | D:5      | Reached skill level 12 in Staves
  8397 | D:6      | Noticed Duvessa
  8397 | D:6      | Noticed Dowan
  8419 | D:6      | Killed Duvessa
  8422 | D:6      | Killed Dowan
  9141 | D:6      | Reached skill level 5 in Fighting
 10079 | D:7      | Reached XP level 10. HP: 58/63 MP: 10/10
 10113 | D:7      | Noticed a two-headed ogre
 10147 | D:7      | Killed a two-headed ogre
 11052 | D:7      | Reached skill level 10 in Fighting
 11100 | D:7      | Mangled by a freezing wraith

Illustrated notes

Levels and vault maps discovered:
D:1:      wander_arrival_desolate, layout_loops_ring,
          shapermc_ecumenical_altar_mp_vishouse, serial_shops, shop,
          minmay_distorted
D:2:      layout_loops_cross, minmay_cut_off, uniq_crazy_yiuf_cottage
D:3:      layout_basic, nicolae_grassy_gnolls
D:4:      layout_basic, uniq_natasha
D:5:      layout_layer_cave, uniq_sigmund, uniq_pikel, uniq_grinder
D:6:      layout_loops_ring, nicolae_water_bricks,
          amcnicky_mini_rare_corridor_liquid, dk_noncrumbling_4,
          roderic_nine_men_s_morris, uniq_duvessa
D:7:      nzn_winding_woodlands_small [nzn_winding_woodlands_5x15_pool,
          nzn_winding_woodlands_center_garden,
          nzn_winding_woodlands_5x15_split_checker], layout_basic,
          minmay_temple_entry_wispy, serial_co_window_serial,
          co_window_corner_a, co_window_paths_b, co_window_paths_b,
          co_window_paths_b, co_window_corner_a, co_window_paths_a,
          co_window_paths_b, co_window_broadway_c, co_window_broadway_a,
          co_window_of_opportunity_b, glass_columns_c, glass_columns_a,
          glass_columns_b, glass_columns_b, glass_columns_c

Skill      XL: |  1  2  3  4  5  6  7  8  9 10 |
---------------+-------------------------------+-----
Staves         | 4 5 6 7 9 11 12 | 12.4
Fighting       | 7 10 | 10.0
Throwing       | |  1.7
Dodging        | |  2.4

Action                   |  1- 3 |  4- 6 |  7- 9 | 10-12 || total
-------------------------+-------+-------+-------+-------++-------
Melee: Quarterstaff      |   110 |    98 |   221 |    64 ||   493
Throw: Throwing net      |       |       |     3 |       ||     3
  Use: Scroll            |       |     9 |     7 |     1 ||    17
       Potion            |       |     1 |     3 |     4 ||     8
 Stab: Distracted        |       |     1 |       |       ||     1
Armor: Leather armour    |    57 |       |       |       ||    57
       Ring mail         |     5 |    39 |    77 |       ||   121
       Scale mail        |       |       |    52 |    65 ||   117
Dodge: Dodged            |    98 |    60 |   115 |    35 ||   308

Table legend: (Time is in decaauts)
 A = Elapsed time spent in this place.
 B = Non-inter-level travel time spent in this place.
 C = Inter-level travel time spent in this place.
 D = Time resting spent in this place.
 E = Time spent auto-exploring this place.
 F = Levels seen in this place.
 G = Mean time per level.
                   A        B        C        D        E       F      G
               +--------+--------+--------+--------+--------+-----+--------+
         Total |  11077 |  10728 |    349 |   5257 |   3897 |   7 | 1582.4 |
       Dungeon |  11077 |  10728 |    349 |   5257 |   3897 |   7 | 1582.4 |
               +--------+--------+--------+--------+--------+-----+--------+

Top non-repeatable levels by time:
     D:5: 2436 daAuts
     D:6: 2424 daAuts
     D:3: 2002 daAuts
     D:2: 1744 daAuts
     D:1: 1282 daAuts
     D:4: 944 daAuts
     D:7: 242 daAuts
